 Dungeon Crawl Stone Soup version 0.31-a0-313-g785cd24033 (webtiles) character file.

Game seed: 10840546491975363174

142 AdnanSaban the Covered (level 5, -12/33 HPs)
             Began as a Gargoyle Fighter on July 17, 2023.
             Killed from afar by a steam dragon (15 damage)
             ... with a ball of steam
             ... on level 3 of the Dungeon.
             The game lasted 00:04:26 (2832 turns).

AdnanSaban the Covered (Gargoyle Fighter)           Turns: 2832, Time: 00:04:26

Health: -12/33     AC: 11    Str: 21    XL:     5   Next: 25%
Magic:  5/5        EV:  9    Int:  9    God:
Gold:   209        SH:  4    Dex:  9    Spells: 4/4 levels left

rFire   . . .        a - +0 flail
rCold   . . .        c - +0 buckler
rNeg    + . .        b - +0 scale mail
rPois   ∞            (no helmet)
rElec   +            (no cloak)
rCorr   .            (no gloves)
SInv    .            (no boots)
Will    .....        (no amulet) Stlth
                     (no ring)
HPRegen 0.25/turn    (no ring)
MPRegen 0.09/turn

%: no passive effects
@: no status effects
A: sickness immunity, AC +4, negative energy resistance 1, electricity
resistance, torment resistance 1, petrification resistance
a: no special abilities


You were on level 3 of the Dungeon.
You visited 1 branch of the dungeon, and saw 6 of its levels.

You collected 209 gold pieces.

Inventory:

Hand Weapons
 a - a +0 flail (weapon)
Armour
 b - a +0 scale mail (worn)
 c - a +0 buckler (worn)
Jewellery
 n - an amulet of regeneration
 r - a ring of magical power
Scrolls
 e - a scroll of enchant weapon {unknown}
 g - a scroll of vulnerability {unknown}
 j - a scroll of noise {unknown}
 k - a scroll of fog {unknown}
 l - a scroll of teleportation {unknown}
 m - a scroll of fear {unknown}
 o - a scroll of summoning {unknown}
 q - a scroll of amnesia {unknown}
Potions
 d - 2 potions of might
 f - a potion of enlightenment {unknown}
 h - 2 potions of curing {unknown}
 i - a potion of haste {unknown}
 p - 2 potions of heal wounds {unknown}
 s - a potion of attraction {unknown}


   Skills:
 + Level 3.7 Fighting
 + Level 3.7 Maces & Flails
 + Level 4.4 Armour
 + Level 3.8 Shields


You had 4 spell levels left.
You didn't know any spells.
Your spell library was empty.

Dungeon Overview and Level Annotations

Branches:
Dungeon (6/15)
 Temple: D:4-7

Altars:
Dithmenos


Innate Abilities, Weirdness & Mutations

You are immune to sickness and miasma.
Your stone body is resilient. (AC +4)
You are immune to poison.
You resist negative energy. (rN+)
You are resistant to electric shocks. (rElec)
You are resistant to unholy torment.
You are immune to petrification.


Message History

You now have 209 gold pieces (gained 13).
Things that are here:
a +0 flail; an orc corpse HP restored.
A kobold comes into view. It is wielding a +0 club.
You hit the kobold.
You kill the kobold!
No target in view!
No target in view!
No target in view!
You see here a +0 club.
You open the door.
There is an open door here.
A hobgoblin comes into view.
The hobgoblin shouts!
A sourceless malevolence fills the Dungeon... and a teleportation trap spontaneously manifests!
You are yanked towards some nearby monsters!
Your surroundings suddenly seem different.
A steam dragon and an endoplasm come into view.
Found three items.
Found an escape hatch in the ceiling.
The endoplasm quivers.
The steam dragon breathes steam at you. The ball of steam hits you!!
Ouch! That really hurt!
The steam dragon moves out of view.
The endoplasm moves out of view.
Found a stone staircase leading down.
The endoplasm is engulfed in a cloud of scalding steam.
The steam dragon breathes steam at you.
The ball of steam hits the endoplasm!!
The endoplasm dies!
The ball of steam hits you!
* * * LOW HITPOINT WARNING * * *
You hear an angry hiss.
There is an escape hatch in the ceiling here.
The steam dragon barely misses you.
The steam dragon claws you but does no damage.
A mysterious force pulls you upwards. The hatch slams shut behind you.
The steam dragon breathes steam at you. The ball of steam hits you!
You die...

#.# #.#.##.#.#.##[#....####.
#.######.#.##.#.#.##.#.........
###.##.....#.#.##.##.#.#.#.#####.
.##.##.##..#..##...##..#...# #.
.##.##.###.#.##.....##.#.#######.
.##.##.# #..##.......##..........
.##.##.# #.##..D####..##.########
.......# #.#....§# #...#.#
.##.#### #.....#@# #.#...# .##..#
##....#.###...###### .###.#
#....#............# .#
#.######....#####...####.#
####.............###...# #.#
......###.>............# #.#
.............###.###...# #.#
####.........# #.......####.#####
#########.###.#####..........#


You could see a steam dragon (catching breath).

Vanquished Creatures
  A scorpion (D:3)
  An adder (D:2)
  A worm (D:2)
  2 dart slugs
  3 orcs
  8 ball pythons
  8 endoplasms
  A giant cockroach (D:3)
  3 goblins
  8 hobgoblins
  2 jackals (D:3)
  5 kobolds
  2 quokkas (D:2)
  5 bats
  2 frilled lizards
  7 rats
59 creatures vanquished.

Vanquished Creatures (others)
  An endoplasm (D:4)
1 creature vanquished.

Grand Total: 60 creatures vanquished

Notes
Turn   | Place    | Note
-------+----------+-------------------------------------------
     0 | D:1      | AdnanSaban the Gargoyle Fighter began the quest for the
                  | Orb.
     0 | D:1      | Reached XP level 1. HP: 14/14 MP: 1/1
    73 | D:1      | Reached XP level 2. HP: 19/19 MP: 2/2
   567 | D:1      | Found a faded altar of an unknown god.
   595 | D:1      | Reached XP level 3. HP: 23/23 MP: 3/3
  1679 | D:3      | Reached XP level 4. HP: 28/29 MP: 4/4
  1753 | D:3      | You fall into a shaft and drop 3 floors!
  1809 | D:5      | Entered Level 5 of the Dungeon
  1809 | D:5      | Noticed a steam dragon
  1809 | D:5      | Noticed a scorpion
  1927 | D:6      | Noticed a kobold brigand
  1950 | D:4      | Noticed an ogre
  1996 | D:4      | Noticed an ogre
  2059 | D:3      | Reached skill level 4 in Armour
  2595 | D:3      | Found a shadowy altar of Dithmenos.
  2653 | D:4      | Noticed a scorpion
  2672 | D:3      | Killed a scorpion
  2673 | D:3      | Reached XP level 5. HP: 25/33 MP: 5/5
  2822 | D:4      | Noticed a steam dragon
  2832 | D:3      | Killed from afar by a steam dragon

Illustrated notes

Levels and vault maps discovered:
D:1:      heliophobic_arrival_enchanted_forest, layout_basic,
          ebering_ecumenical_altar_ruins
D:2:      layout_basic, hangedman_decor_push, reono_crystal_passage
D:3:      layout_loops_ring, mainiacjoe_overflow_tiny_flanked,
          minmay_parallelograms
D:4:      layout_basic, nicolae_shop_self_help
D:5:      layout_cave_pools, amcnicky_altar_gilded,
          nicolae_overflow_hidden_temple, minmay_temple_entry_statues_fountains,
          serial_gnoll_camp, gnoll_camp_huts_basic, gnoll_camp_mini_loothouse,
          gnoll_camp_medium_01, gnoll_camp_mini_basic, gnoll_camp_mini_doghouse,
          gnoll_camp_mini_hut
D:6:      layout_loops_corners, serial_bayou_pond_d

Skill      XL: |  1  2  3  4 |
---------------+-------------+-----
Maces & Flails | 3 |  3.7
Armour         | 4 |  4.4
Fighting       | |  3.7
Shields        | |  3.8

Action                     |  1- 3 |  4- 6 || total
---------------------------+-------+-------++-------
  Melee: Flail             |   154 |    53 ||   207
 Armour: Scale mail        |   103 |    82 ||   185
  Dodge: Dodged            |   102 |    50 ||   152
  Block: Buckler           |    37 |    27 ||    64

Table legend: (Time is in decaauts)
 A = Elapsed time spent in this place.
 B = Non-inter-level travel time spent in this place.
 C = Inter-level travel time spent in this place.
 D = Time resting spent in this place.
 E = Time spent auto-exploring this place.
 F = Levels seen in this place.
 G = Mean time per level.
                   A        B        C        D        E       F      G
               +--------+--------+--------+--------+--------+-----+--------+
         Total |   2894 |   2802 |     92 |     89 |   2098 |   6 |  482.3 |
       Dungeon |   2894 |   2802 |     92 |     89 |   2098 |   6 |  482.3 |
               +--------+--------+--------+--------+--------+-----+--------+

Top non-repeatable levels by time:
     D:2: 976 daAuts
     D:3: 813 daAuts
     D:1: 691 daAuts
     D:4: 215 daAuts
     D:6: 184 daAuts
     D:5: 12 daAuts
